AoeStats
← Juyhou

African Clearing

510326007Analyzed
4v4 RM · 2d ago on Sep 30, 2026· 53m 19s· 8 players
Game mode
Random Map
Map size
Large (8 player)
Population
200
Speed
Normal
Resources
Standard
Victory
Conquest
Starting age
Dark Age
Ending age
Imperial Age
RankedLock teamsTeams togetherTeam positionsShared explorationLock speedFull tech treeHidden civsTurbo modeCheats
Victory
Defeat
🇨🇳 Mongols · China
1937
+12
🇨🇳 Danes · China
1936
+12
🇹🇷 Koreans · Türkiye
1869
+15
🇨🇳 Burgundians · China
1595
+25
🇫🇮 Varangians · Finland
2064
-24
🇫🇮 Varangians · Finland
1874
-18
🇦🇷 Varangians · Argentina
1763
-13
🇫🇮 Varangians · Finland
1666
-9
大铁牛
13:04 Feudal Age
11:30 Loom
16:42 Castle Age
15:14 Double-Bit Axe
19:37 Fletching
21:57 Bodkin Arrow
23:45 Horse Collar
24:58 Bow Saw
26:54 Town Watch
27:46 Wheelbarrow
27:54 Stone Mining
34:42 Imperial Age
33:07 Heavy Plow
34:04 Gold Mining
34:57 Husbandry
35:24 Ballistics
36:27 Chemistry
35:31 Bracer
36:25 Gold Shaft Mining
36:09 Thumb Ring
36:37 Conscription
37:00 Stone Shaft Mining
36:42 Arrowslits
37:12 Eupseong
38:10 Hand Cart
38:09 Elite War Wagon
41:06 Coinage
41:07 Masonry
40:37 Treadmill Crane
40:24 Elite Skirmisher
41:43 Siege Engineers
42:31 Banking
42:16 Heavy Rocket Cart
43:49 Shinkichon
45:17 Architecture
45:51 Guilds
45:57 Elite Skirmisher
48:49 Two-Man Saw
48:15 Fortified Wall
48:15 Murder Holes
种田小武松
9:36 Loom
12:20 Feudal Age
11:19 Loom
16:04 Castle Age
14:43 Double-Bit Axe
17:13 Town Watch
17:21 Fletching
19:44 Bodkin Arrow
25:16 Bow Saw
28:22 Wheelbarrow
32:31 Light Cavalry
32:37 Light Cavalry
33:46 Bloodlines
33:37 Husbandry
35:03 Ballistics
35:01 Padded Archer Armor
35:09 Stone Mining
36:36 Leather Archer Armor
44:58 Imperial Age
42:45 Hand Cart
43:12 Gold Mining
43:58 Stone Shaft Mining
44:00 Thumb Ring
46:41 Chemistry
45:13 Elite Mangudai
46:25 Conscription
46:38 Bracer
47:01 Masonry
49:16 Light Cavalry
50:13 Scale Barding Armor
50:18 Forging
51:30 Horse Collar
52:39 Hussar
sadys
15:39 Feudal Age
16:30 Loom
19:15 Castle Age
17:18 Double-Bit Axe
17:59 Fishing Lines
19:16 Horse Collar
19:58 Gold Mining
20:45 Bow Saw
21:24 Fletching
24:48 Heavy Plow
26:42 Fletching
27:51 Wheelbarrow
27:02 Town Watch
27:37 Bodkin Arrow
27:58 Husbandry
29:02 Padded Archer Armor
29:23 Hand Cart
29:44 Ballistics
30:52 Stone Mining
34:01 Imperial Age
33:13 Gold Shaft Mining
33:15 Stone Shaft Mining
33:27 Bloodlines
33:22 Squires
33:25 Scale Mail Armor
35:12 Conscription
34:17 Capped Ram
36:10 Chemistry
35:41 Heavy Scorpion
36:39 Onager
37:59 Northmen's Fury
38:19 Siege Ram
39:12 Siege Engineers
40:03 Coinage
40:45 Chain Mail Armor
40:18 Arson
39:59 Pikeman
41:13 Banking
44:31 Plate Mail Armor
44:12 Forging
45:19 Masonry
45:40 Elite Jomsviking
47:21 Iron Casting
48:57 Guard Tower
48:52 Arrowslits
50:05 Siege Onager
51:02 Bracer
Paladin
6:39 Double-Bit Axe
7:48 Loom
12:51 Feudal Age
14:02 Town Watch
17:43 Castle Age
16:34 Horse Collar
17:47 Light Cavalry
18:46 Bow Saw
19:15 Husbandry
19:55 Wheelbarrow
22:17 Scale Barding Armor
24:40 Chain Barding Armor
31:35 Gold Mining
32:05 Forging
31:47 Cavalier
32:43 Heavy Plow
34:45 Stone Mining
35:39 Hand Cart
36:06 Gold Shaft Mining
40:44 Imperial Age
39:44 Stone Shaft Mining
40:12 Two-Man Saw
39:52 Crop Rotation
40:44 Ballistics
42:02 Plate Barding Armor
40:50 Paladin
43:27 Fletching
45:18 Two-Man Saw
44:56 Iron Casting
46:40 Bodkin Arrow
47:30 Burgundian Vineyards
49:10 Bracer
49:20 Pikeman
51:14 Blast Furnace
50:55 Scale Mail Armor
52:25 Pikeman
53:06 Squires
Shyles
13:34 Feudal Age
13:38 Loom
17:52 Castle Age
16:04 Double-Bit Axe
19:14 Bow Saw
19:17 Fishing Lines
29:48 Fletching
30:59 Horse Collar
33:49 Wheelbarrow
34:18 Heavy Plow
35:36 Hand Cart
36:31 Gold Mining
37:30 Bodkin Arrow
38:15 Gillnets
41:26 Imperial Age
40:06 Squires
39:51 Gambesons
40:07 Scale Mail Armor
40:18 Forging
41:16 Chain Mail Armor
41:56 Chain Mail Armor
41:28 Elite Varangian Guard
41:49 Gothikon
42:32 Onager
47:19 Two-Man Saw
48:10 Conscription
48:22 Plate Mail Armor
Juyhou
7:39 Loom
14:08 Feudal Age
15:07 Town Watch
15:17 Double-Bit Axe
17:48 Castle Age
15:59 Fishing Lines
18:29 Gillnets
18:50 Bow Saw
28:43 Fletching
28:50 Elite Skirmisher
29:34 Bodkin Arrow
30:56 Wheelbarrow
30:31 Horse Collar
31:10 Padded Archer Armor
31:35 Ballistics
33:24 Leather Archer Armor
34:56 Bloodlines
34:46 Husbandry
35:36 Forging
37:27 Iron Casting
38:20 Scale Barding Armor
40:35 Chain Barding Armor
44:13 Imperial Age
44:17 Elite Jarl
44:36 Onager
46:06 Conscription
46:52 Blast Furnace
51:35 Elite Jarl
_Ares_大锤
11:34 Loom
14:12 Feudal Age
15:33 Double-Bit Axe
17:53 Castle Age
19:31 Bow Saw
19:48 Fishing Lines
23:56 Wheelbarrow
25:24 Stone Mining
28:24 Hand Cart
27:54 Town Watch
28:00 Gold Mining
31:55 Imperial Age
29:39 Fletching
30:15 Bodkin Arrow
30:21 Padded Archer Armor
31:37 Stone Shaft Mining
31:20 Horse Collar
32:41 Bracer
34:01 Two-Man Saw
33:01 Heavy Plow
33:41 Leather Archer Armor
34:27 Chemistry
33:53 Ballistics
33:57 Cranequins
35:16 Conscription
35:40 Ring Archer Armor
35:31 Heavy Mounted Crossbowman
36:24 Scale Mail Armor
36:34 Forging
36:21 Arson
36:22 Gambesons
37:21 Squires
37:38 Chain Mail Armor
37:08 Elite Skirmisher
38:11 Siege Engineers
38:17 Masonry
39:04 Iron Casting
38:43 Caravan
39:13 Coinage
38:14 Pikeman
39:33 Crop Rotation
40:02 Plate Mail Armor
39:26 Capped Ram
42:42 Blast Furnace
41:09 Siege Ram
41:46 Halberdier
43:45 Blast Furnace
42:48 Elite Varangian Guard
44:54 Vendel Legacy
47:07 Bloodlines
46:58 Husbandry
47:04 Scale Barding Armor
46:45 Gothikon
46:48 Light Cavalry
48:30 Chain Barding Armor
49:46 Plate Barding Armor
50:50 Gillnets
TheMax
12:53 Feudal Age
12:01 Loom
16:24 Castle Age
14:59 Double-Bit Axe
17:24 Bow Saw
22:23 Fishing Lines
23:37 Wheelbarrow
24:22 Fletching
24:24 Town Watch
25:24 Gillnets
27:52 Gold Mining
28:17 Bodkin Arrow
28:09 Horse Collar
29:01 Heavy Plow
30:21 Bloodlines
30:11 Husbandry
34:23 Imperial Age
32:50 Ballistics
32:38 Padded Archer Armor
33:41 Leather Archer Armor
33:55 Hand Cart
35:06 Bracer
35:30 Conscription
36:28 Chemistry
34:54 Cranequins
37:18 Ring Archer Armor
37:43 Siege Engineers
38:35 Guilds
38:54 Elite Jarl
38:58 Heavy Mounted Crossbowman
41:56 Light Cavalry
42:42 Scale Barding Armor
43:10 Crop Rotation
44:05 Two-Man Saw
43:29 Hussar
45:45 Chain Barding Armor
47:05 Plate Barding Armor
46:40 Forging
47:15 Coinage
48:26 Iron Casting
50:11 Blast Furnace
49:23 Masonry
49:30 Caravan
50:00 Banking
50:52 Murder Holes
51:28 Architecture
50:38 Treadmill Crane
52:55 Town Patrol
Connection lost

Rejoining the realm…

Still unreachable

The connection could not be restored.

Session expired

The server has moved on; the page needs a fresh start.